AoeStats
← Eaglejet

Arena

509122658Analyzed
1v1 RM · 7d ago on Sep 25, 2026· 38m 53s· 2 players
Game mode
Random Map
Map size
Tiny (2 player)
Population
200
Speed
Normal
Resources
Standard
Victory
Conquest
Starting age
Dark Age
Ending age
Imperial Age
RankedLock teamsTeams togetherTeam positionsShared explorationLock speedFull tech treeHidden civsTurbo modeCheats
Victory
Defeat
🇫🇷 Franks · France
479
+16
🇪🇸 Mapuche · Spain
484
-16
Eaglejet
10:46 Feudal Age
12:02 Wheelbarrow
11:17 Double-Bit Axe
11:36 Stone Mining
16:07 Man-at-Arms
19:36 Castle Age
20:35 Hand Cart
20:38 Bow Saw
23:36 Squires
23:22 Arson
23:05 Crossbowman
24:38 Gold Mining
26:31 Treadmill Crane
30:15 Ballistics
32:50 Imperial Age
30:00 Pikeman
32:03 Gold Shaft Mining
32:07 Husbandry
32:05 Elite Skirmisher
35:27 Chemistry
34:23 Cranequins
38:08 Siege Engineers
38:16 Cavalier
Papitoenaccion7
11:27 Feudal Age
12:17 Horse Collar
12:25 Double-Bit Axe
15:53 Castle Age
19:38 Heavy Plow
19:49 Bow Saw
22:41 Scale Mail Armor
24:00 Forging
25:59 Iron Casting
25:15 Treadmill Crane
25:56 Ballistics
26:26 Pikeman
27:13 Malon
27:34 Gold Mining
30:41 Gold Shaft Mining
31:13 Stone Mining
35:11 Imperial Age
33:41 Murder Holes
37:36 Chemistry
36:22 Arrowslits
36:43 Siege Engineers
36:33 Halberdier
39:37 Bombard Tower
Connection lost

Rejoining the realm…

Still unreachable

The connection could not be restored.

Session expired

The server has moved on; the page needs a fresh start.